 Dungeon Crawl Stone Soup version 0.32-a0-306-gfed3edf829 (webtiles) character file.

Game seed: 4771746308951642462

696 HC7 the Ducker (level 7, -2/63 HPs)
             Began as a Troll Hedge Wizard on Feb 13, 2024.
             Slain by an ice beast (12 damage)
             ... on level 5 of the Dungeon on Feb 14, 2024.
             The game lasted 00:24:34 (4199 turns).

HC7 the Ducker (Troll Hedge Wizard)                 Turns: 4199, Time: 00:24:35

Health: -2/63      AC:  4    Str: 19    XL:     7   Next: 37%
Magic:  9/10       EV: 15    Int: 10    God:
Gold:   193        SH:  0    Dex: 11    Spells: 7/11 levels left

rFire   . . .        n - +1 dagger (speed)
rCold   . . .        (no shield)
rNeg    . . .        b - +0 robe
rPois   .            c - +0 hat
rElec   .            (no cloak)
rCorr   .            (gloves unavailable)
SInv    .            (boots unavailable)
Will    .....        (no amulet)
Stlth   ++           g - +5 ring of evasion
HPRegen 1.10/turn    l - +4 ring of slaying
MPRegen 0.12/turn

%: no passive effects
@: no status effects
A: large, unfitting armour, claws 3, regeneration 1, shaggy fur 1, tough skin 1
a: no special abilities


You were on level 5 of the Dungeon.
You visited 1 branch of the dungeon, and saw 5 of its levels.

You collected 193 gold pieces.

Inventory:

Hand Weapons
 a - a +0 dagger
 n - a +1 dagger of speed (weapon)
Missiles
 k - 2 boomerangs (quivered)
Armour
 b - a +0 robe (worn)
 c - a +0 hat (worn)
Jewellery
 g - a +5 ring of evasion (left claw)
 j - a ring of resist corrosion
 l - a +4 ring of slaying (right claw)
 p - a ring of poison resistance
Scrolls
 e - 2 scrolls of identify
 f - a scroll of fog
 i - a scroll of enchant armour
 m - a scroll of noise
 o - a scroll of blinking
Potions
 d - a potion of magic
 h - a potion of might
 q - a potion of curing


   Skills:
 + Level 1.7 Fighting
 + Level 2.4 Short Blades
 + Level 3.6 Dodging
 + Level 2.1 Stealth
 + Level 2.7 Unarmed Combat
 + Level 2.8 Spellcasting
 + Level 1.0 Conjurations
 + Level 0.6 Summonings
 + Level 0.6 Translocations


You had 7 spell levels left.
You knew the following spells:

 Your Spells              Type           Power      Damage    Failure   Level
a - Magic Dart            Conj           12%        1d3       19%         1
b - Call Canine Familiar  Summ           2%         N/A       56%         3

Your spell library contained the following spells:

 Spells                   Type           Power      Damage    Failure   Level
 Slow                     Hex            4%         N/A       28%         1
 Blink                    Tloc           4%         N/A       34%         2
 Call Imp                 Summ           4%         N/A       34%         2
 Cigotuvi's Dreadful Rot  Necr/Alch/Air  2%         N/A       41%         2
 Mephitic Cloud           Conj/Alch/Air  2%         N/A       58%         3
 Sigil of Binding         Hex            1%         N/A       65%         3
 Dimensional Bullseye     Hex/Tloc       1%         N/A       94%         4


Dungeon Overview and Level Annotations

Branches:
Dungeon (5/15)
 Temple: D:4-7

Altars:


Innate Abilities, Weirdness & Mutations

You are too large for most types of armour.
You have claws for hands.
Your natural rate of healing is unusually fast.
You are covered in fur. (AC +1)
You have tough skin. (AC +1)


Message History

The ice beast is moderately wounded.
The ice beast completely misses you.
You hit the ice beast but do no damage.
The ice beast is moderately wounded.
The ice beast hits you but does no damage.
You closely miss the ice beast.
The ice beast is moderately wounded.
You hit the ice beast but do no damage.
The ice beast is moderately wounded.
The ice beast barely misses you.
You closely miss the ice beast.
The ice beast is moderately wounded.
You hit the ice beast but do no damage.
The ice beast is moderately wounded.
The ice beast hits you. The ice beast freezes you!
You hit the ice beast.
The ice beast is heavily wounded.
The ice beast hits you. The ice beast freezes you!
You hit the ice beast but do no damage.
The ice beast is heavily wounded.
You hit the ice beast.
The ice beast is heavily wounded.
The ice beast hits you but does no damage.
You hit the ice beast.
The ice beast is heavily wounded.
You hit the ice beast.
The ice beast is severely wounded.
The ice beast hits you. The ice beast freezes you!
* * * LOW HITPOINT WARNING * * *
Casting: Magic Dart (safe; 19% risk of failure)
Confirm with . or Enter, or press ? or * to list all spells.
Aiming: Magic Dart (safe; 19% risk of failure)
Press: ? - help, Shift-Dir - straight line, f - ice beast
Aim: an ice beast (severely wounded, 100% to hit)
The magic dart hits the ice beast but does no damage.
The ice beast is severely wounded.
The ice beast hits you.
* * * LOW HITPOINT WARNING * * *
The ice beast freezes you!
You die...

#....#.#.#...
#....#.#.#... ########
######.#.....
###......# #.###...
.........# #.# #...
.........# #.# ##..
.........# #.# #..
.........+ ###
#...)@.#
#####Y################
#!).h.............
#.################ #.#
#.# #.# #.# #.#


You could see an ice beast.

Vanquished Creatures
  An ogre (D:3)
  2 phantoms
  A bullfrog (D:3)
  A howler monkey (D:3)
  An orc priest (D:4)
  A hound (D:5)
  2 orc wizards (D:4)
  9 adders
  2 ribbon worms
  2 dart slugs
  8 orcs
  7 bats
  9 endoplasms
  2 giant cockroaches
  10 goblins
  7 hobgoblins
  4 jackals (D:1)
  12 kobolds
  3 quokkas
  9 ball pythons
  3 frilled lizards
  7 rats
103 creatures vanquished.

Notes
Turn   | Place    | Note
-------+----------+-------------------------------------------
     0 | D:1      | HC7 the Troll Hedge Wizard began the quest for the Orb.
     0 | D:1      | Reached XP level 1. HP: 16/16 MP: 2/2
   239 | D:1      | Reached XP level 2. HP: 20/24 MP: 4/4
   941 | D:1      | Reached XP level 3. HP: 31/31 MP: 5/5
  1531 | D:2      | Reached skill level 2 in Dodging
  1595 | D:2      | Reached XP level 4. HP: 39/39 MP: 7/7
  1876 | D:2      | Reached skill level 1 in Unarmed Combat
  2439 | D:3      | Reached XP level 5. HP: 46/46 MP: 8/8
  2456 | D:3      | Learned a level 3 spell: Call Canine Familiar
  2474 | D:3      | Upgraded the game from 0.32-a0-290-g598725c5f2 to
                  | 0.32-a0-306-gfed3edf829
  2479 | D:3      | Noticed an ogre
  2847 | D:3      | Reached XP level 6. HP: 54/54 MP: 9/9
  2888 | D:3      | Reached skill level 1 in Fighting
  3319 | D:4      | Reached skill level 3 in Dodging
  3347 | D:4      | Noticed a steam dragon
  3557 | D:4      | Reached skill level 1 in Short Blades
  3617 | D:3      | Reached XP level 7. HP: 37/62 MP: 10/10
  3730 | D:4      | Reached skill level 1 in Conjurations
  4063 | D:5      | Entered Level 5 of the Dungeon
  4199 | D:5      | Slain by an ice beast

Illustrated notes

Levels and vault maps discovered:
D:1:      elethiomel_arrival_maze, layout_basic
D:2:      layout_rooms, serial_co_window_serial, co_window_paths_a,
          co_window_of_opportunity_a, co_window_of_opportunity_a,
          co_window_paths_b, co_window_corner_a, co_window_broadway_a,
          co_window_broadway_b, co_window_of_opportunity_b,
          co_window_broadway_a, co_window_unsneaky_path_c, glass_columns_a,
          glass_columns_a, glass_columns_a, glass_columns_c, minivault_14,
          minmay_tripent
D:3:      minmay_chambers_of_twos, layout_basic, hangedman_abyss_or_decor_stabs,
          hangedman_glass_teeth, amcnicky_mini_rare_corridor_liquid
D:4:      layout_gridville
D:5:      layout_basic, minmay_temple_entry_large_hall

Skill      XL: |  1  2  3  4  5  6  7 |
---------------+----------------------+-----
Dodging        | 2 3 |  3.6
Unarmed Combat | 1 2 |  2.7
Stealth        | 2 |  2.1
Fighting       | 1 |  1.7
Short Blades   | 1 2 |  2.4
Conjurations   | 1 |  1.0
Spellcasting   | |  2.8
Summonings     | |  0.6
Translocations | |  0.6

Action                     |  1- 3 |  4- 6 |  7- 9 || total
---------------------------+-------+-------+-------++-------
  Melee: Dagger            |    67 |    96 |   114 ||   277
         Unarmed           |    97 |    67 |       ||   164
   Cast: Magic Dart        |     4 |     7 |     1 ||    12
    Use: Potion            |     2 |       |     3 ||     5
         Scroll            |     2 |     7 |     1 ||    10
   Stab: Sleeping          |     3 |     2 |       ||     5
 Armour: Robe              |    82 |    63 |    63 ||   208
  Dodge: Dodged            |   135 |   104 |    65 ||   304

Table legend: (Time is in decaauts)
 A = Elapsed time spent in this place.
 B = Non-inter-level travel time spent in this place.
 C = Inter-level travel time spent in this place.
 D = Time resting spent in this place.
 E = Time spent auto-exploring this place.
 F = Levels seen in this place.
 G = Mean time per level.
                   A        B        C        D        E       F      G
               +--------+--------+--------+--------+--------+-----+--------+
         Total |   4129 |   3956 |    173 |      0 |   1857 |   5 |  825.8 |
       Dungeon |   4129 |   3956 |    173 |      0 |   1857 |   5 |  825.8 |
               +--------+--------+--------+--------+--------+-----+--------+

Top non-repeatable levels by time:
     D:1: 1369 daAuts
     D:3: 1037 daAuts
     D:2: 899 daAuts
     D:4: 711 daAuts
     D:5: 111 daAuts
